 Dungeon Crawl Stone Soup version 0.31.0-4-g52a2dc7128 (webtiles) character file.

Game seed: 4688298005616070070

1801139 xSliceyx the Conqueror (level 27, 228/228 HPs)
             Began as a Djinni Fire Elementalist on Jan 20, 2024.
             Was the Champion of Makhleb.
             Escaped with the Orb
             ... and 3 runes on Jan 21, 2024!
             The game lasted 04:21:09 (58413 turns).

xSliceyx the Conqueror (Djinni Fire Elementalist)  Turns: 58413, Time: 04:21:10

Health: 228/228    AC: 12    Str: 11    XL:     27
Gold:   1211       EV: 32    Int: 35    God:    Makhleb [******] SH:  0 Dex: 15

rFire   + + +        K - +5 battleaxe of Eternal Vigilance {heavy, Str+5 Int+7 SInv}
rCold   + . .        (shield currently unavailable)
rNeg    + + .        o - +5 moon troll leather armour {Spirit, Regen++ MP+5}
rPois   ∞            M - +0 helmet of the Monk {rN+ Will+ Int+4}
rElec   +            n - scarf of Befillie {repulsion, rF+ rC+ Will- Str+3}
rCorr   +            X - +2 pair of gloves {Str+3}
SInv    +            (boots unavailable)
Will    +++++        J - amulet of the Four Winds {rN+ Will+++ Clar}
Stlth   +            l - ring "Perelopn" {rC+ MP+9 EV+5 Str-5}
HPRegen 2.18/turn    R - ring "Onny" {rElec rCorr EV+5}
MPRegen 0.00/turn

%: repel missiles, clarity, guardian spirit
@: flying, studying 3 skills
A: sickness immunity, fire resistance 2, cold vulnerability 1, float, innate
caster, HP casting, extra vitality 1, berserk 1, clumsy 2, dopey 1, teleportitis
1, weak 1, no potion heal 1, inability to drink after injury 1, persistent drain
0: Orb of Zot
}: 3/15 runes: serpentine, barnacled, silver
a: Renounce Religion, Minor Destruction, Lesser Servant of Makhleb, Major
Destruction, Greater Servant of Makhleb


You escaped.
You worshipped Makhleb.
Makhleb was exalted by your worship.
You visited 10 branches of the dungeon, and saw 48 of its levels.
You visited the Abyss 1 time.
You visited 1 bazaar.
You also visited: Gauntlet and Wizlab.

You collected 7879 gold pieces.
You spent 6668 gold pieces at shops.

Inventory:

Hand Weapons
 K - the +5 battleaxe of Eternal Vigilance (weapon) {heavy, Str+5 Int+7 SInv}
   (You bought it in a shop on level 4 of the Dungeon)

   Str+5:     It affects your strength (+5).
   Int+7:     It affects your intelligence (+7).
   SInv:      It lets you see invisible.
Missiles
 f - 4 throwing nets
 B - 2 curare-tipped darts
Armour
 n - the scarf of Befillie (worn) {repulsion, rF+ rC+ Will- Str+3}
   (You acquired it on level 2 of the Snake Pit)

   Str+3:     It affects your strength (+3).
   rF+:       It protects you from fire.
   rC+:       It protects you from cold.
   Will-:     It decreases your willpower.
 o - the +5 moon troll leather armour (worn) {Spirit, Regen++ MP+5}
   (You bought it in a shop on level 2 of the Orcish Mines)

   MP+5:      It affects your magic capacity (+5).
   Regen++:   It increases your rate of health regeneration.
 M - the +0 helmet of the Monk (worn) {rN+ Will+ Int+4}
   (You found it in a Gauntlet)

   Int+4:     It affects your intelligence (+4).
   rN+:       It protects you from negative energy.
   Will+:     It increases your willpower.
 S - a +0 kite shield of resistance
 X - a +2 pair of gloves of strength (worn)
Magical Staves
 L - the staff of Teisoofue {rN+ Int+2 Necro}
   (You found it on level 3 of the Depths)

   [staff of death]

   Base accuracy: +5 Base damage: 5 Base attack delay: 1.2 This weapon's minimum
   attack delay (0.6) is reached at skill level 12.
   Int+2:     It affects your intelligence (+2).
   rN+:       It protects you from negative energy.
   Necro:     It increases the power of your Necromancy spells.
   It falls into the 'Staves' category.
   It is a one-handed weapon.
Jewellery
 h - a +4 ring of slaying
 l - the ring "Perelopn" (left hand) {rC+ MP+9 EV+5 Str-5}
   (You took it off a deep elf blademaster on level 3 of the Elven Halls)

   [ring of evasion]

   EV+5:      It affects your evasion (+5).
   Str-5:     It affects your strength (-5).
   rC+:       It protects you from cold.
   MP+9:      It affects your magic capacity (+9).
 m - the amulet "Gaivvah" {rC+ Will++ Regen+ Str+3 Dex-2}
   (You found it on level 1 of the Shoals)

   [amulet of regeneration]

   Str+3:     It affects your strength (+3).
   Dex-2:     It affects your dexterity (-2).
   rC+:       It protects you from cold.
   Will++:    It greatly increases your willpower.
   Regen+:    It increases your rate of health regeneration.
 u - an amulet of the acrobat
 x - a ring of willpower
 J - the amulet of the Four Winds (around neck) {rN+ Will+++ Clar}
   (You found it on level 12 of the Dungeon)

   [amulet of nothing]

   rN+:       It protects you from negative energy.
   Will+++:   It greatly increases your willpower.
   Clar:      It protects you from confusion, rage, mesmerisation and fear.
 R - the ring "Onny" (right hand) {rElec rCorr EV+5}
   (You bought it in a shop on level 6 of the Dungeon)

   [ring of evasion]

   EV+5:      It affects your evasion (+5).
   rElec:     It insulates you from electricity.
   rCorr:     It protects you from acid and corrosion.
Wands
 b - a wand of digging (2)
 s - a wand of iceblast (80)
 Q - a wand of acid (32)
 U - a wand of flame (68)
Scrolls
 a - 10 scrolls of fog
 d - 3 scrolls of blinking
 g - 10 scrolls of immolation
 p - 7 scrolls of revelation
 q - 10 scrolls of fear
 t - 4 scrolls of torment
 A - 14 scrolls of teleportation
 C - 2 scrolls of butterflies
 H - 6 scrolls of silence
 N - 13 scrolls of poison
Potions
 c - 11 potions of heal wounds
 e - 4 potions of haste
 i - 5 potions of lignification
 j - 3 potions of enlightenment
 k - 25 potions of curing
 r - a potion of brilliance
 w - 5 potions of mutation
 z - a potion of invisibility
 E - 2 potions of resistance
 O - 4 potions of attraction
 T - 11 potions of cancellation
 V - 2 potions of ambrosia
 W - 4 potions of might
Miscellaneous
 v - a condenser vane
 y - a box of beasts
 G - a phantom mirror
 P - a phial of floods
 Z - a lightning rod (4/4)


   Skills:
 O Level 27 Fighting
 - Level 5.0 Axes
 + Level 20.0 Dodging
 - Level 1.5 Stealth
 O Level 27 Spellcasting
 O Level 27 Conjurations
 O Level 27 Hexes
 O Level 27 Summonings
 O Level 27 Necromancy
 O Level 27 Translocations
 O Level 27 Fire Magic
 O Level 27 Ice Magic
 O Level 27 Air Magic
 O Level 27 Earth Magic
 O Level 27 Alchemy
 - Level 3.0 Invocations
 - Level 3.0 Evocations


You knew the following spells:

 Your Spells              Type           Power      Damage    Failure   Level
a - Foxfire               Conj/Fire      100%       2x1d9     0%          1
b - Scorch                Fire           100%       2d9       0%          2
c - Volatile Blastmotes   Fire/Tloc      100%       2d18      0%          3
d - Inner Flame           Hex/Fire       100%       N/A       0%          3
e - Flame Wave            Conj/Fire      100%       2d21      0%          4
f - Sting                 Conj/Alch      100%       1d9       0%          1
g - Ensorcelled Hibernat  Hex/Ice        100%       N/A       0%          2
h - Fugue of the Fallen   Necr           100%       N/A       0%          3
i - Confusing Touch       Hex            100%       N/A       0%          3
j - Dimensional Bullseye  Hex/Tloc       62%        N/A       0%          4
k - Lee's Rapid Deconstr  Erth           62%        3d29*     0%          5
l - Bombard               Conj/Erth      62%        9d10      0%          6
m - Eringya's Noxious Bo  Alch           62%        4d6       0%          6
n - Malign Gateway        Summ/Tloc      62%        N/A       0%          7
o - Enfeeble              Hex            62%        N/A       0%          7
p - Summon Horrible Thin  Summ           62%        N/A       1%          8
q - Shatter               Erth           62%        3d46*     1%          9
r - Fire Storm            Conj/Fire      62%        8d16      1%          9
Your spell library was empty.

Dungeon Overview and Level Annotations

Branches:
Dungeon (15/15)            Temple (1/1) D:7            Lair (5/5) D:10
 Shoals (4/4) Lair:2        Snake (4/4) Lair:3        Slime (0/5) Lair:5
    Orc (2/2) D:9             Elf (3/3) Orc:2        Vaults (5/5) D:14
  Crypt (0/3) Vaults:3     Depths (4/4) D:15            Zot (5/5) Depths:4
 WizLab (visited)         Gauntlet (visited)

Altars:
Ashenzari
Cheibriados
Dithmenos
Elyvilon
Fedhas
Gozag
Hepliaklqana
Makhleb
Nemelex Xobeh
Okawaru
Qazlal
Ru
Trog
Uskayaw
Wu Jian
Xom
Yredelemnul
Zin
The Shining One
Jiyva
Lugonu

Shops:
D:4 (?[[(   D:6 =   D:8 (   D:14 =   D:15 !   Orc:2 ?**[:(*[   Elf:2 [
Snake:4 !   Vaults:5 *

Portals:
Hell: Lair:5 Depths:1 Depths:2 Depths:3 Depths:4
Abyss: Depths:3
Pandemonium: Depths:2
Ziggurat: Depths:2


Innate Abilities, Weirdness & Mutations

You are immune to sickness and miasma.
You are immune to poison.
Your flesh is very heat resistant. (rF++)
You are vulnerable to cold. (rC-)
You float through the air rather than walking.
You learn spells naturally, not from books.
Your magical power is your life essence.
You have superior vitality. (+4 MHP)
You sometimes lose your temper in combat.
You are very clumsy. (Dex -4)
You are dopey. (Int -2)
You are occasionally teleported next to monsters.
You are weak. (Str -2)
Potions are less effective at restoring your health.
You occasionally lose the ability to drink potions when taking damage.
Your health recovers twice as slowly from being drained.


Message History

The smoke demon moves out of view.
There is an open door here.
There is an open door here.
You see here a +0 falchion.
You see here a +0 club.
Things that are here:
a +0 robe; a +0 dagger; a +1 mace of draining
There is an escape hatch in the ceiling here.
A mysterious force pulls you upwards. The hatch slams shut behind you.
There is a stone staircase leading up here.
You fly upwards.
There is a stone staircase leading down here.
An Orb Guardian comes into view.
The iron shot hits the Orb Guardian!!!
The Orb Guardian is heavily wounded.
The blast sends you backwards.
The iron shot hits the Orb Guardian!!!
You kill the Orb Guardian!
Makhleb accepts your kill.
You feel better. The blast sends you backwards.
Your Dodging skill increases to level 20!
There is a stone staircase leading up here.
You fly upwards.
There is a stone staircase leading down here.
A hellwing comes into view.
The hellwing gives a chilling moan.
The iron shot hits the hellwing!!
The hellwing is severely wounded.
The iron shot hits the hellwing!!!
You kill the hellwing!
Makhleb accepts your kill.
You feel better.
HP restored.
There is a stone staircase leading up here.
You fly upwards.
There is a stone staircase leading down here.
There is a large open door here.
There is a staircase leading out of the dungeon here.
You can't go down here!
You have escaped!

##.#
#..........+..#.#.#.#..###.#
.#.#
#....#.....##...#.#.#.......
...#
#....#.....##...#.#.##.#####
#..###....#..........#.#....#
##........########...#.######
##.##.........#♣♣#...#.#
##.###..###≈..#..##..#.#
##.###..##...##..##..#.#
#.....#.#..≈.'..@##..#.#
#.....#...#≈.'...##..#.#
#.....#....≈.##÷.##..#.#
#..........≈..#..##..#.#
...##.........#♣.#...#.#
...........#######.#.#.#
...........### ##...#.#
.....#####...####..###.#
.....# #.#.......# #.#


There were no monsters in sight!

Vanquished Creatures
  2 dread liches (Zot:5)
  Frederick (Vaults:3)
  4 orbs of fire (Zot:5)
  3 ancient liches
  2 juggernauts
  Josephina (Depths:4)
  The ghost of Miridwoatt the Gnoll Aeon, a master GnFi of Cheibriados (Zot:1)
  A Head Instructor (WizLab)
  Vv (Depths:4)
  3 Killer Klowns (Zot:5)
  Saint Roka (Vaults:4)
  2 caustic shrikes
  7 golden dragons
  2 curse toes
  2 electric golems (Zot:5)
  A Tzitzimitl (Zot:1)
  A Brimstone Fiend (Zot:3)
  Jorgrun (D:12)
  10 tentacled monstrosities
  2 liches
  A walking crystal tome (Depths:2)
  26 Orb Guardians
  4 titans
  3 quicksilver dragons
  8 sphinxes
  A deep elf master archer (Elf:3)
  3 deep elf blademasters
  2 acid blobs (Depths:3)
  A walking divine tome (Depths:3)
  Frances (D:12)
  4 death cobs
  A tentacled starspawn (Abyss:2)
  4 krakens
  The ghost of SnakkuSnakku7 the Executioner, an adept FoCA of Ignis (Snake:2)
  Aizul (Shoals:2)
  10 storm dragons
  4 nagarajas
  7 shadow dragons
  4 protean progenitors (Zot:5)
  A tengu reaver (Depths:2)
  5 fire giants
  6 draconian shifters
  2 draconian knights
  3 draconian scorchers
  19 vault wardens
  5 azure jellies (Depths:3)
  4 rockslimes (Depths:3)
  3 iron dragons
  2 deep elf elementalists
  10 frost giants
  Louise (Shoals:2)
  4 deep elf sorcerers
  The ghost of Bityczex the Eclecticist, an adept DEFE of Sif Muna (Shoals:1)
  A spriggan defender (Depths:3)
  2 draconian stormcallers
  2 balrugs
  An orc warlord (Orc:2)
  4 draconian annihilators
  2 quicksilver oozes (Depths:3)
  17 ironbound preservers
  10 ironbound thunderhulks
  25 very ugly things
  4 black draconians
  18 stone giants
  4 deep elf demonologists
  15 dire elephants
  6 deep elf death magi
  7 vampire knights
  5 green draconians
  2 white draconians
  4 yellow draconians
  The ghost of duckroller the Severer, a journeyman HOMo of Beogh (Orc:1)
  A lorocyproca (D:7)
  3 deep elf annihilators
  3 purple draconians
  Azrael (D:15)
  5 war gargoyles
  4 minotaurs
  8 spark wasps
  2 eidola (Vaults:1)
  12 ettins
  5 red draconians
  A jiangshi (Vaults:3)
  2 crystal guardians (Vaults:3)
  4 merfolk javelineers
  16 yaktaur captains
  A green death (D:12)
  7 merfolk impalers
  6 fire dragons
  A blizzard demon (Zot:1)
  4 deep elf high priests
  2 entropy weavers (Vaults:5)
  7 great orbs of eyes
  6 hydras
  4 rakshasas
  32 vault guards
  8 ice dragons
  3 ogre magi
  A spectral shadow dragon (Zot:1)
  4 alligator snapping turtles
  7 spriggan air magi
  3 peacekeepers
  6 ironbound frosthearts
  A salamander tyrant (Snake:4)
  2 merfolk avatars
  A juggernaut simulacrum (Depths:4)
  3 radroaches (Zot:5)
  2 catoblepae
  6 boulder beetles
  16 anacondas
  26 centaur warriors
  8 two-headed ogres
  A two-headed ogre (shapeshifter) (Elf:3)
  7 naga warriors
  A spriggan skeleton (Depths:2)
  3 death knights
  Erica (Orc:1)
  10 death yaks
  27 dancing weapons
  6 satyrs
  2 deep troll shamans
  3 orc high priests
  4 tengu warriors
  5 hell hogs
  3 thrashing horrors (Abyss:2)
  7 deep troll earth magi
  16 naga sharpshooters
  2 occultists
  6 spriggan berserkers
  7 shock serpents
  5 sun demons
  A vampire mage (Vaults:3)
  Sonja (D:12)
  A wretched star (Abyss:2)
  17 skeletal warriors
  5 iron trolls
  19 hell knights
  12 deep elf knights
  4 skysharks
  Nergalle (D:12)
  8 salamander mystics
  4 sixfirhies
  29 deep trolls
  A spectral white draconian (Zot:1)
  3 large abominations
  A shadow wraith (Abyss:2)
  9 sea snakes
  A shadow demon (Abyss:2)
  A death drake (shapeshifter) (Vaults:5)
  A quicksilver dragon simulacrum (Zot:1)
  17 mana vipers
  A golden dragon zombie (Depths:2)
  4 flayed ghosts
  8 arcanists
  3 glowing orange brains
  4 naga ritualists
  9 deep elf archers
  A spriggan simulacrum (Depths:4)
  3 starcursed masses (Abyss:2)
  19 deep elf zephyrmancers
  19 lindwurms
  18 ironbound convokers
  A wolf spider zombie (D:15)
  11 necromancers
  14 orc knights
  Pikel (D:8)
  16 harpies
  A nameless horror (Vaults:3)
  3 phantasmal warriors
  A shining eye (Depths:3)
  An oklob plant (Shoals:3)
  2 sphinx simulacra
  19 deep elf pyromancers
  A shadow dragon skeleton (Vaults:4)
  20 salamanders
  17 fauns
  A frost giant zombie (Depths:2)
  22 ugly things
  6 orc sorcerers
  8 cyclopes
  A shining eye (shapeshifter) (Vaults:4)
  A faun (shapeshifter) (Depths:2)
  An iron dragon skeleton (Depths:2)
  15 manticores
  A fire giant skeleton (Depths:2)
  5 centaur zombies (D:15)
  7 guardian serpents
  19 moths of wrath
  11 elephants
  3 kobold blastminers (Orc:2)
  19 vault sentinels
  A stone giant skeleton (Vaults:4)
  A frost giant skeleton (Vaults:4)
  6 water nymphs
  43 black mambas
  A black mamba (shapeshifter) (D:14)
  8 naga magi
  11 cane toads
  5 merfolk sirens
  2 torpor snails (Lair:5)
  3 orange demons (Lair:5)
  A gargoyle (D:13)
  A kobold demonologist (D:12)
  11 komodo dragons
  2 unseen horrors (Abyss:2)
  A tormentor (Depths:2)
  3 freezing wraiths
  24 yaktaurs
  2 red devils (Lair:5)
  9 rime drakes
  3 efreet
  A komodo dragon (shapeshifter) (Elf:3)
  A yaktaur (shapeshifter) (D:14)
  2 golden dragon simulacra
  2 ancient zymes (Abyss:2)
  7 tengu conjurers
  A wind drake (Shoals:2)
  2 human skeletons (Vaults:4)
  A spectral moth of wrath (Zot:1)
  15 trolls
  A polar bear (Lair:5)
  A tyrant leech (Zot:5)
  2 hellwings
  5 shadow dragon simulacra
  2 hornets
  2 glass eyes
  A human zombie (Vaults:4)
  29 merfolk
  Grinder (D:3)
  A raiju (Abyss:2)
  A raiju (shapeshifter) (D:15)
  4 blink frogs
  13 snapping turtles
  An iron dragon simulacrum (Depths:4)
  An ettin zombie (Vaults:1)
  A draconian simulacrum (Zot:1)
  A meliai zombie (D:15)
  Sigmund (D:3)
  48 slime creatures
  3 air elementals
  3 dream sheep (Shoals:1)
  A slime creature (shapeshifter) (Vaults:2)
  A jumping spider (Vaults:5)
  5 wraiths
  2 ynoxinuls (Abyss:2)
  A yak (shapeshifter) (Vaults:5)
  3 vampires
  22 water elementals
  A shadow (D:15)
  A wyvern (D:10)
  4 fire bats (Gauntlet)
  6 basilisks
  A white draconian simulacrum (Zot:1)
  5 fire elementals
  52 yaks
  A warg (shapeshifter) (Vaults:5)
  A golden eye (Depths:3)
  The ghost of SuperJoe the Trooper, an amateur DjCK of Xom (D:3)
  5 neqoxecs
  6 steam dragons
  A chaos spawn (D:12)
  15 vampire mosquitoes
  4 wargs
  A yellow draconian simulacrum (Zot:1)
  3 glowing shapeshifter zombies
  27 nagas
  8 hell hounds
  30 orc warriors
  24 water moccasins
  2 moth of wrath simulacra (Zot:1)
  A sky beast (Abyss:2)
  2 black bears
  Pargi (D:3)
  2 ice beasts
  9 boggarts
  6 small abominations (Abyss:2)
  12 wolves
  7 ogres
  17 centaurs
  4 lemures (D:8)
  A phantom (D:7)
  A weeping skull (Abyss:2)
  10 bullfrogs
  6 kobold brigands
  3 earth elementals
  2 gnoll sergeants
  A scorpion (D:5)
  A wyvern skeleton (D:3)
  8 killer bees
  A water moccasin skeleton (D:3)
  6 mutant beasts (D:10)
  5 howler monkeys (D:12)
  7 hounds
  2 jellies
  3 quasits (Orc:1)
  A bullfrog skeleton (D:3)
  A bombardier beetle (D:6)
  2 gnoll boudas
  12 orc priests
  2 iguanas (D:5)
  A sleepcap (D:4)
  Terence (D:2)
  23 orc wizards
  Natasha (D:2)
  A boggart zombie (D:15)
  Robin (D:4)
  15 gnolls
  10 adders
  3 white imps
  A dart slug (D:3)
  A ribbon worm (D:3)
  80 orcs
  11 ball pythons
  A bat (D:2)
  3 endoplasms
  A giant cockroach (D:1)
  21 goblins
  14 hobgoblins
  7 jackals
  6 quokkas
  4 frilled lizards
  21 kobolds
  3 rats
  4 aspiring fleshes (Zot:5)
  A foxfire (D:12)
  2 lurking horrors (Abyss:2)
  A starspawn tentacle (Abyss:2)
  5 tentacles
2038 creatures vanquished.

Vanquished Creatures (collateral kills)
  Norris (Elf:3)
  2 golden dragons (Vaults:5)
  A deep elf blademaster (Elf:3)
  Zenata (Vaults:2)
  A quicksilver dragon (WizLab)
  2 shadow dragons (Vaults:5)
  2 tengu reavers
  A storm dragon (Vaults:5)
  2 deep elf elementalists (Elf:3)
  An orc warlord (Vaults:4)
  2 ironbound preservers (Vaults:5)
  3 stone giants (Vaults:5)
  A deep elf demonologist (Elf:3)
  A deep elf annihilator (Elf:3)
  2 deep elf death magi
  3 ettins (Vaults:5)
  2 yaktaur captains (Vaults:5)
  2 two-headed ogres (Vaults:5)
  A dancing weapon (Elf:1)
  4 satyrs (Shoals:4)
  3 orc high priests
  A skyshark (Elf:3)
  2 ironbound convokers (Vaults:5)
  A deep elf archer (Elf:1)
  5 harpies
  An orc knight (Vaults:4)
  A deep elf zephyrmancer (Elf:1)
  4 deep elf pyromancers
  2 orc sorcerers (Vaults:4)
  A manticore (shapeshifter) (Vaults:5)
  A slime creature (Vaults:2)
  3 yaktaurs (Vaults:4)
  2 trolls
  A merfolk (Shoals:4)
  A nameless horror (Vaults:5)
  2 ogres (Vaults:5)
  An orc warrior (Elf:1)
  An orc priest (Vaults:4)
  2 orcs
  3 foxfires
  A tentacle (Shoals:4)
74 creatures vanquished.

Vanquished Creatures (others)
  27 eldritch tentacles
  A storm dragon (Vaults:5)
  An ironbound preserver (Vaults:5)
  2 deep elf zephyrmancers
  An eye of devastation (shapeshifter) (Vaults:5)
  A snapping turtle (Shoals:4)
  An orc (Vaults:5)
  8 fire vortices
  1018 foxfires
  A starspawn tentacle (Abyss:2)
  25 tentacles
1086 creatures vanquished.

Grand Total: 3198 creatures vanquished

Notes
Turn   | Place    | Note
-------+----------+-------------------------------------------
     0 | D:1      | xSliceyx the Djinni Fire Elementalist began the quest for
                  | the Orb.
     0 | D:1      | xSliceyx set off with the following spells memorised:
                  | Foxfire, Scorch, Volatile Blastmotes, Inner Flame, Flame
                  | Wave.
     0 | D:1      | Reached XP level 1. HP: 15/15 MP: 0/0
    14 | D:1      | Noticed a seven-headed hydra
   285 | D:1      | Reached XP level 2. HP: 20/21 MP: 0/0
  1176 | D:2      | Reached XP level 3. HP: 23/25 MP: 0/0
  1176 | D:2      | Learned a level 1 spell: Sting
  1417 | D:2      | Found a shimmering altar of Xom.
  1451 | D:2      | Reached XP level 4. HP: 29/31 MP: 0/0
  1574 | D:2      | Noticed Terence
  1583 | D:2      | Killed Terence
  1675 | D:2      | Noticed Natasha
  1677 | D:2      | Killed Natasha
  1678 | D:2      | Reached XP level 5. HP: 30/35 MP: 0/0
  1678 | D:2      | Learned a level 2 spell: Ensorcelled Hibernation
  2026 | D:3      | Found a transporter.
  2049 | D:3      | Found a transporter.
  2052 | D:3      | Noticed SuperJoe's ghost (amateur DjCK)
  2063 | D:3      | Reached skill level 5 in Spellcasting
  2063 | D:3      | Reached skill level 5 in Conjurations
  2063 | D:3      | Reached skill level 5 in Hexes
  2063 | D:3      | Reached skill level 5 in Summonings
  2063 | D:3      | Reached skill level 5 in Necromancy
  2063 | D:3      | Reached skill level 5 in Translocations
  2063 | D:3      | Reached skill level 5 in Fire Magic
  2063 | D:3      | Reached skill level 5 in Ice Magic
  2063 | D:3      | Reached skill level 5 in Air Magic
  2063 | D:3      | Reached skill level 5 in Earth Magic
  2063 | D:3      | Reached skill level 5 in Alchemy
  2143 | D:3      | Noticed Pargi
  2181 | D:3      | Found a faded altar of an unknown god.
  2185 | D:3      | Noticed Grinder
  2195 | D:3      | Killed Grinder
  2196 | D:3      | Reached XP level 6. HP: 26/40 MP: 0/0
  2253 | D:3      | Reached XP level 7. HP: 44/45 MP: 0/0
  2253 | D:3      | Learned a level 3 spell: Fugue of the Fallen
  2505 | D:3      | Killed Pargi
  2780 | D:3      | Noticed Sigmund
  2818 | D:3      | Killed Sigmund
  2819 | D:3      | Reached skill level 1 in Fighting
  2926 | D:4      | Noticed Robin
  2936 | D:4      | Reached XP level 8. HP: 47/52 MP: 0/0
  2938 | D:4      | Killed Robin
  3042 | D:4      | Found Qathout's Antique Weapon Shop.
  3196 | D:4      | Found Telasifad's Armour Emporium.
  3313 | D:4      | Found Qofeyvuv's Armour Shoppe.
  3320 | D:4      | Bought a +0 buckler for 63 gold pieces
  3320 | D:4      | Bought a scarf of repulsion for 168 gold pieces
  3664 | D:4      | Found Dapn's Magic Scroll Boutique.
  3672 | D:4      | Bought a scroll of teleportation for 39 gold pieces
  4046 | D:4      | Found Suith's Weapon Emporium.
  4129 | D:4      | Reached skill level 5 in Fighting
  4253 | D:5      | Entered Level 5 of the Dungeon
  4316 | D:5      | Found a blossoming altar of Fedhas.
  4518 | D:4      | Bought a scroll of identify for 26 gold pieces
  4725 | D:5      | Reached XP level 9. HP: 53/67 MP: 0/0
  4725 | D:5      | Learned a level 3 spell: Confusing Touch
  4846 | D:5      | Found a stormy altar of Qazlal.
  5165 | D:5      | Found a glowing silver altar of Zin.
  5298 | D:6      | Found Ytyiliaf's Jewellery Shoppe.
  5981 | D:7      | Found a staircase to the Ecumenical Temple.
  5991 | Temple   | Entered the Ecumenical Temple
  6254 | D:7      | Reached skill level 5 in Dodging
  6372 | D:7      | Found a bloodstained altar of Trog.
  6470 | D:7      | Found a burning altar of Makhleb.
  6552 | D:7      | Became a worshipper of Makhleb the Destroyer
  7365 | D:8      | Reached XP level 10. HP: 76/76 MP: 0/0
  7496 | D:8      | Reached skill level 10 in Dodging
  7539 | D:8      | Found Opro Yny's Weapon Boutique.
  7553 | D:8      | Found a shimmering altar of Xom.
  7553 | D:8      | Found a shimmering altar of Xom.
  7553 | D:8      | Found a shimmering altar of Xom.
  7553 | D:8      | Found a shimmering altar of Xom.
  7553 | D:8      | Found a shimmering altar of Xom.
  7729 | D:8      | Reached * piety under Makhleb
  7786 | D:8      | Noticed Pikel
  7798 | D:8      | Killed Pikel
  8126 | D:9      | Reached XP level 11. HP: 77/81 MP: 0/0
  8126 | D:9      | Learned a level 4 spell: Dimensional Bullseye
  8144 | D:9      | Noticed a cyclops
  8151 | D:9      | Killed a cyclops
  8215 | D:9      | Found a staircase to the Orcish Mines.
  8464 | D:9      | Found a white marble altar of Elyvilon.
  8501 | D:9      | Reached ** piety under Makhleb
  8868 | D:9      | Found a sparkling altar of Nemelex Xobeh.
  9335 | D:10     | Entered Level 10 of the Dungeon
  9371 | D:10     | Found a hide-covered altar of Uskayaw.
  9640 | D:10     | Noticed a juvenile batsting beast
  9653 | D:10     | Killed a juvenile batsting beast
 10121 | D:10     | Found a staircase to the Lair.
 10211 | D:10     | Reached XP level 12. HP: 68/86 MP: 0/0
 10238 | D:10     | Reached *** piety under Makhleb
 10254 | D:10     | Reached skill level 10 in Spellcasting
 10254 | D:10     | Reached skill level 10 in Conjurations
 10254 | D:10     | Reached skill level 10 in Hexes
 10254 | D:10     | Reached skill level 10 in Summonings
 10254 | D:10     | Reached skill level 10 in Necromancy
 10254 | D:10     | Reached skill level 10 in Translocations
 10254 | D:10     | Reached skill level 10 in Fire Magic
 10254 | D:10     | Reached skill level 10 in Ice Magic
 10254 | D:10     | Reached skill level 10 in Air Magic
 10254 | D:10     | Reached skill level 10 in Earth Magic
 10254 | D:10     | Reached skill level 10 in Alchemy
 10273 | D:10     | Reached skill level 1 in Invocations
 10273 | D:10     | Reached skill level 1 in Evocations
 10317 | D:10     | Noticed a two-headed ogre
 10323 | D:10     | Killed a two-headed ogre
 10702 | Lair:1   | Entered Level 1 of the Lair of Beasts
 11507 | Lair:2   | Noticed a boulder beetle
 11562 | Lair:2   | Noticed a skyshark
 11571 | Lair:1   | Reached skill level 10 in Fighting
 11782 | Lair:2   | Found a staircase to the Shoals.
 11843 | Lair:2   | Killed a skyshark
 11978 | Lair:2   | Killed a boulder beetle
 11979 | Lair:2   | Reached XP level 13. HP: 83/96 MP: 0/0
 11979 | Lair:2   | Learned a level 5 spell: Lee's Rapid Deconstruction
 12244 | Lair:2   | Reached **** piety under Makhleb
 12886 | Lair:3   | Noticed a four-headed hydra
 12911 | Lair:3   | Killed a four-headed hydra
 13040 | Lair:3   | Found a staircase to the Snake Pit.
 13155 | Lair:3   | Noticed a catoblepas
 13160 | Lair:3   | Killed a catoblepas
 13595 | Lair:4   | Reached XP level 14. HP: 103/103 MP: 0/0
 14420 | Lair:5   | Entered Level 5 of the Lair of Beasts
 14471 | Lair:5   | Noticed a dire elephant
 14741 | Lair:4   | Reached ***** piety under Makhleb
 14951 | Lair:4   | Killed a dire elephant
 15336 | Lair:5   | Found a staircase to the Slime Pits.
 15336 | Lair:5   | Found a viscous altar of Jiyva.
 15462 | Lair:5   | Reached skill level 15 in Dodging
 15727 | Lair:5   | Found a blossoming altar of Fedhas.
 16701 | Lair:5   | Found a burning altar of Makhleb.
 16759 | Lair:5   | Found a gateway to Hell.
 17084 | D:1      | Reached XP level 15. HP: 90/107 MP: 0/0
 17084 | D:1      | Learned a level 6 spell: Bombard
 17325 | D:4      | Bought the +5 battleaxe of Eternal Vigilance {heavy, Str+5
                  | Int+7 SInv} for 1023 gold pieces
 17562 | D:11     | Found a gate leading to a gauntlet.
 17576 | Gauntlet | Entered a Gauntlet
 17576 | Gauntlet | Found a transporter.
 17586 | Gauntlet | Found a transporter.
 17604 | Gauntlet | Found a transporter.
 17607 | Gauntlet | Found a transporter.
 17628 | Gauntlet | Found a transporter.
 17641 | Gauntlet | Found a transporter.
 17655 | Gauntlet | Found a transporter.
 17684 | Gauntlet | Found a transporter.
 17684 | Gauntlet | Found a transporter.
 17689 | Gauntlet | Found a transporter.
 17722 | Gauntlet | Found a transporter.
 17722 | Gauntlet | Found a transporter.
 17771 | Gauntlet | Reached skill level 1 in Axes
 17781 | Gauntlet | Identified the +0 helmet of the Monk {rN+ Will+ Int+4}
 17810 | Gauntlet | Reached ****** piety under Makhleb
 17848 | Gauntlet | Identified the +11 quarterstaff "Ton Eguj" {venom, *Corrode
                  | Str+6 Int+5}
 17881 | Gauntlet | Identified the +3 falchion of the Skies Above {elec, +Blink
                  | Dex+2}
 18606 | D:12     | Noticed Sonja
 18607 | D:12     | Killed Sonja
 18706 | D:12     | Reached skill level 5 in Axes
 18797 | D:12     | Noticed Frances
 18806 | D:12     | Killed Frances
 19117 | D:12     | Noticed a green very ugly thing
 19121 | D:12     | Noticed an iron dragon
 19127 | D:12     | Killed a green very ugly thing
 19145 | D:12     | Noticed a fire giant
 19145 | D:12     | Noticed Jorgrun
 19231 | Orc:1    | Entered Level 1 of the Orcish Mines
 19248 | Orc:1    | Noticed Erica
 19250 | Orc:1    | Killed Erica
 19386 | Orc:1    | Found a transporter.
 19388 | Orc:1    | Noticed duckroller's ghost (journeyman HOMo)
 19469 | Orc:1    | Found a transporter.
 19978 | Orc:2    | Entered Level 2 of the Orcish Mines
 19978 | Orc:2    | Noticed an orc warlord
 19978 | Orc:2    | Found Vytoerr's Antique Weapon Shoppe.
 20138 | Orc:2    | Found Juan's General Store.
 20139 | Orc:2    | Found Rairhana's Antique Armour Shop.
 20182 | Orc:2    | Killed an orc warlord
 20322 | Orc:2    | Found a staircase to the Elven Halls.
 20388 | Orc:2    | Reached XP level 16. HP: 113/121 MP: 0/0
 20429 | Orc:2    | Found Loin's General Store.
 20486 | Orc:2    | Found Uteg Vife's Magic Scroll Shop.
 20572 | Orc:2    | Found Naent's Antique Armour Shop.
 20627 | Orc:2    | Found Haguvoed's General Store.
 20785 | Orc:2    | Found Apsi's Book Emporium.
 20925 | Orc:1    | Gained mutation: You have hidden genetic defects. [a
                  | neqoxec]
 20928 | Orc:1    | Killed duckroller's ghost
 20982 | Orc:1    | Got the ring of Ejouro {Int+6 Slay+2}
 21118 | D:12     | Killed a fire giant
 21192 | D:12     | Noticed Nergalle
 21198 | D:12     | Killed Nergalle
 21392 | D:12     | Killed an iron dragon
 21502 | D:12     | Found the amulet of the Four Winds {rN+ Will+++ Clar}
 21576 | D:12     | Killed Jorgrun
 21743 | D:12     | Reached skill level 15 in Fighting
 22562 | D:14     | Found a gate to the Vaults.
 22622 | D:14     | Found Hiedo's Jewellery Boutique.
 22739 | D:12     | Gained mutation: Potions are less effective at restoring
                  | your health. [hidden defects]
 22889 | D:6      | Bought the ring "Onny" {rElec rCorr EV+5} for 611 gold
                  | pieces
 23138 | Orc:2    | Bought a scroll of enchant armour for 127 gold pieces
 23741 | D:15     | Entered Level 15 of the Dungeon
 23779 | D:15     | Reached XP level 17. HP: 103/135 MP: 0/0
 23779 | D:15     | Learned a level 6 spell: Eringya's Noxious Bog
 23937 | D:15     | Noticed Azrael
 23944 | D:15     | Killed Azrael
 23961 | D:15     | Gained mutation: You are clumsy. (Dex -2) [hidden defects]
 23961 | D:15     | Lost mutation: You have hidden genetic defects. [hidden
                  | defects expressed]
 24316 | D:15     | Found Limeyramp's Distillery.
 24500 | D:15     | Found a staircase to the Depths.
 24866 | Snake:1  | Entered Level 1 of the Snake Pit
 25876 | Snake:2  | Noticed SnakkuSnakku7's ghost (adept FoCA)
 25877 | Snake:2  | Found a transporter.
 26011 | Snake:2  | Found a transporter.
 26904 | Snake:3  | Reached XP level 18. HP: 95/149 MP: 0/0
 27554 | Snake:4  | Entered Level 4 of the Snake Pit
 28323 | Snake:4  | Got a serpentine rune of Zot
 28551 | Snake:4  | Found Raruig's Distillery.
 28668 | Snake:4  | Bought a potion of mutation for 136 gold pieces
 28668 | Snake:4  | Bought a potion of might for 68 gold pieces
 28668 | Snake:4  | Bought a potion of curing for 51 gold pieces
 28668 | Snake:4  | Bought a potion of heal wounds for 85 gold pieces
 28668 | Snake:4  | Bought a potion of haste for 170 gold pieces
 28668 | Snake:4  | Bought a potion of enlightenment for 85 gold pieces
 28668 | Snake:4  | Bought a potion of curing for 51 gold pieces
 28775 | Snake:4  | Reached XP level 19. HP: 140/160 MP: 0/0
 28775 | Snake:4  | Learned a level 7 spell: Malign Gateway
 29155 | Shoals:1 | Entered Level 1 of the Shoals
 29155 | Shoals:1 | Found a transporter.
 29215 | Shoals:1 | Found a transporter.
 29361 | Shoals:1 | Noticed Bityczex's ghost (adept DEFE)
 29390 | Shoals:1 | Identified a scroll of acquirement
 29607 | D:3      | Killed SuperJoe's ghost
 30880 | Shoals:2 | Noticed Louise
 30904 | Shoals:2 | Killed Louise
 31255 | Shoals:2 | Identified the serpent talisman of Uhafrud {rElec rCorr
                  | Str+5 Int-4}
 31255 | Shoals:2 | Noticed Aizul
 31264 | Shoals:2 | Killed Aizul
 31900 | Shoals:3 | Found a glowing silver altar of Zin.
 32954 | Shoals:4 | Entered Level 4 of the Shoals
 33133 | Shoals:4 | Identified the +4 arbalest of Diskearao {antimagic, rC+}
 33349 | Shoals:4 | Reached XP level 20. HP: 132/173 MP: 0/0
 33967 | Shoals:4 | Got a barnacled rune of Zot
 33969 | Shoals:4 | Identified the +9 scimitar of Okawaru's Benevolence
                  | {freeze, *Noise Fly Int-2 Stlth+}
 34562 | Elf:1    | Entered Level 1 of the Elven Halls
 34791 | Elf:1    | Paralysed by an air elemental for 1 turns
 36045 | Elf:2    | Found a runed translucent gate.
 36045 | Elf:2    | Found a runed translucent gate.
 36046 | Elf:2    | Found a runed translucent gate.
 36081 | Elf:2    | Found Pisuka Veyj's Antique Armour Emporium.
 36216 | Elf:2    | Identified the +3 dagger "Hell-Harrower" {elec, rF+ rN+++
                  | Str-2 Int-2}
 37087 | Elf:3    | Entered Level 3 of the Elven Halls
 37089 | Elf:3    | Paralysed by an air elemental for 1 turns
 37294 | Elf:3    | Reached XP level 21. HP: 163/184 MP: 0/0
 37294 | Elf:3    | Learned a level 7 spell: Enfeeble
 37414 | Elf:3    | Identified the +4 scale mail "Comp" {rElec rF+}
 37533 | Elf:3    | Identified the ring "Perelopn" {rC+ MP+9 EV+5 Str-5}
 37760 | Elf:3    | Identified the +0 spear "Sogeh" {freeze, rN++}
 37923 | Elf:3    | Noticed Norris
 37955 | Elf:3    | Killed Norris
 38626 | Vaults:1 | Entered Level 1 of the Vaults
 38633 | Vaults:1 | Reached skill level 27 in Fighting
 39333 | Vaults:1 | Noticed an ancient lich
 39347 | Vaults:1 | Killed an ancient lich
 39409 | Vaults:1 | Identified the +2 quarterstaff of Meet {protect, rPois
                  | Str+3}
 39609 | Vaults:1 | Reached skill level 15 in Spellcasting
 39609 | Vaults:1 | Reached skill level 15 in Conjurations
 39609 | Vaults:1 | Reached skill level 15 in Hexes
 39609 | Vaults:1 | Reached skill level 15 in Summonings
 39609 | Vaults:1 | Reached skill level 15 in Necromancy
 39609 | Vaults:1 | Reached skill level 15 in Translocations
 39609 | Vaults:1 | Reached skill level 15 in Fire Magic
 39609 | Vaults:1 | Reached skill level 15 in Ice Magic
 39609 | Vaults:1 | Reached skill level 15 in Air Magic
 39609 | Vaults:1 | Reached skill level 15 in Earth Magic
 39609 | Vaults:1 | Reached skill level 15 in Alchemy
 40358 | Shoals:1 | Killed Bityczex's ghost
 40364 | Shoals:1 | Reached XP level 22. HP: 181/194 MP: 0/0
 40379 | Shoals:1 | Identified the amulet "Gaivvah" {rC+ Will++ Regen+ Str+3
                  | Dex-2}
 40524 | Snake:2  | Killed SnakkuSnakku7's ghost
 40631 | Snake:2  | Acquired the scarf of Befillie {repulsion, rF+ rC+ Will-
                  | Str+3}
 41978 | Vaults:2 | Identified the +1 ring mail of Indomitability {rN++}
 42729 | Vaults:2 | Noticed Zenata
 42742 | Abyss:2  | Cast into level 2 of the Abyss (+2 flail of distortion)
 42745 | Abyss:2  | Lost mutation: You are clumsy. (Dex -2) [potion of
                  | mutation]
 42745 | Abyss:2  | Lost mutation: Potions are less effective at restoring your
                  | health. [potion of mutation]
 43298 | Vaults:2 | Escaped the Abyss
 43300 | Vaults:2 | Killed Zenata
 43553 | Vaults:3 | Identified the orb of Qercha Tome {*channel, rN+ Summ}
 43553 | Vaults:3 | Noticed Frederick
 43564 | Vaults:3 | Killed Frederick
 43565 | Vaults:3 | Reached XP level 23. HP: 172/201 MP: 0/0
 43565 | Vaults:3 | Learned a level 8 spell: Summon Horrible Things
 43681 | Vaults:3 | Identified the +5 ring mail of the Slorg {^Contam rN+
                  | Dex+3}
 44165 | Vaults:3 | Found a staircase to the Crypt.
 45947 | Vaults:4 | Noticed Saint Roka
 45965 | Vaults:4 | Killed Saint Roka
 45967 | Vaults:4 | Reached XP level 24. HP: 154/208 MP: 0/0
 46747 | Orc:2    | Bought the +5 moon troll leather armour {Spirit, Regen++
                  | MP+5} for 1368 gold pieces
 46747 | Orc:2    | Found the +5 moon troll leather armour {Spirit, Regen++
                  | MP+5}
 46957 | D:15     | Bought 2 potions of invisibility for 304 gold pieces
 46957 | D:15     | Bought 2 potions of curing for 114 gold pieces
 46957 | D:15     | Bought a potion of heal wounds for 95 gold pieces
 46957 | D:15     | Bought a potion of curing for 57 gold pieces
 46957 | D:15     | Bought a potion of curing for 57 gold pieces
 47567 | Vaults:5 | Entered Level 5 of the Vaults
 47593 | Vaults:5 | Noticed a golden dragon
 47596 | Vaults:5 | Noticed a golden dragon
 47598 | Vaults:5 | Noticed an ancient lich
 47655 | Vaults:5 | Identified the +5 orcbow "Dysarick" {freeze, rCorr Int+3}
 47728 | Vaults:5 | Killed an ancient lich
 47728 | Vaults:5 | Killed a golden dragon
 47728 | Vaults:5 | Killed a golden dragon
 47801 | Vaults:5 | Noticed a golden dragon
 47809 | Vaults:5 | Killed a golden dragon
 47874 | Vaults:5 | Reached XP level 25. HP: 188/214 MP: 0/0
 47874 | Vaults:5 | Learned a level 9 spell: Shatter
 47969 | Vaults:5 | Identified the +5 dagger "Beetleslayer" {flame, rCorr
                  | Str+4}
 47970 | Vaults:5 | Identified the +1 scimitar "Pejeh" {freeze, Str+2 SInv}
 48058 | Vaults:5 | Found Weskeodi's Assorted Antiques.
 48065 | Vaults:5 | Bought a scroll of teleportation for 102 gold pieces
 48065 | Vaults:5 | Bought a pair of glowing gloves for 255 gold pieces
 48271 | Vaults:5 | Identified the +4 battleaxe of the Establishment {pain, rF+
                  | SInv}
 48285 | Vaults:5 | Identified the +6 dagger "Orb Guardian's Curse" {freeze,
                  | rPois rF+++ SInv}
 48461 | Vaults:5 | Got a silver rune of Zot
 48647 | Vaults:5 | Identified the ring "Hefreph" {rF- Will+ MP+9 Stlth+}
 49172 | Depths:1 | Entered Level 1 of the Depths
 49176 | Depths:1 | Found a magical portal.
 49185 | WizLab   | Entered Yara's Duelist Academy
 49187 | WizLab   | Upgraded the game from 0.31.0-2-g5a2aebc5c2 to
                  | 0.31.0-4-g52a2dc7128
 49429 | WizLab   | Noticed Tykitaul
 49437 | WizLab   | Killed Tykitaul the Head Instructor
 49703 | Depths:1 | Noticed a caustic shrike
 49709 | Depths:1 | Killed a caustic shrike
 50557 | Depths:2 | Found a one-way gate leading to the halls of Pandemonium.
 50590 | Depths:2 | Reached skill level 27 in Spellcasting
 50653 | Depths:2 | Found a one-way gateway to a ziggurat.
 50749 | Depths:2 | Reached XP level 26. HP: 221/221 MP: 0/0
 50783 | Depths:2 | Noticed a juggernaut
 50789 | Depths:2 | Killed a juggernaut
 51084 | Depths:2 | Identified the staff of Inconvenience {rPois rF+ rC+
                  | Alchemy}
 51276 | Depths:3 | Found a flickering gateway to a bazaar.
 51285 | Bazaar   | Entered a bazaar
 51299 | Bazaar   | Found Zuush's Jewellery Shoppe.
 51321 | Bazaar   | Found Fopego Hykh's Jewellery Shoppe.
 51321 | Bazaar   | Found Kenuc's Magic Scroll Emporium.
 51326 | Bazaar   | Bought a scroll of teleportation for 45 gold pieces
 51326 | Bazaar   | Bought a scroll of teleportation for 45 gold pieces
 51326 | Bazaar   | Bought a scroll of blinking for 112 gold pieces
 51421 | Bazaar   | Bought a scroll of fog for 60 gold pieces
 51421 | Bazaar   | Bought a scroll of fear for 60 gold pieces
 51607 | Depths:3 | Found a glowing silver altar of Zin.
 51714 | Depths:3 | Identified the +5 pair of gloves "Jogododo" {rPois}
 51873 | Depths:3 | Found a viscous altar of Jiyva.
 52010 | Depths:3 | You are sucked into a shaft and drop 1 floor!
 52010 | Depths:4 | Entered Level 4 of the Depths
 52216 | Depths:3 | Found a runed translucent door.
 52225 | Depths:3 | Noticed a juggernaut
 52373 | Depths:3 | Found a runed translucent door.
 52381 | Depths:3 | Found a runed translucent door.
 52389 | Depths:3 | Killed a juggernaut
 52445 | Depths:3 | Identified the staff of Teisoofue {rN+ Int+2 Necro}
 52612 | Depths:3 | Found a one-way gate to the infinite horrors of the Abyss.
 52614 | Depths:3 | Found a corrupted altar of Lugonu.
 53195 | Orc:2    | Bought a potion of curing for 33 gold pieces
 53195 | Orc:2    | Bought a wand of iceblast (7) for 184 gold pieces
 53403 | D:4      | Bought a scroll of fear for 52 gold pieces
 53403 | D:4      | Bought a scroll of teleportation for 39 gold pieces
 53581 | Orc:2    | Bought a scroll of teleportation for 42 gold pieces
 53581 | Orc:2    | Bought a potion of curing for 42 gold pieces
 53620 | Orc:2    | Bought a scroll of blinking for 82 gold pieces
 53620 | Orc:2    | Bought a scroll of fear for 44 gold pieces
 53630 | Orc:2    | Bought a wand of iceblast (2) for 81 gold pieces
 53630 | Orc:2    | Bought a scroll of teleportation for 51 gold pieces
 53630 | Orc:2    | Bought a scroll of fog for 68 gold pieces
 53630 | Orc:2    | Bought a potion of cancellation for 136 gold pieces
 53784 | D:4      | Bought a warped mace for 216 gold pieces
 53784 | D:4      | Identified the +5 mace of Corporal Punishment {protect,
                  | rPois Will- rCorr SInv} (You bought it in a shop on level 4
                  | of the Dungeon)
 53933 | Orc:2    | Bought an iridescent flail for 221 gold pieces
 53933 | Orc:2    | Identified the +5 flail of the Hated {vamp, rElec rN++
                  | Dex+2} (You bought it in a shop on level 2 of the Orcish
                  | Mines)
 54182 | Depths:4 | Identified the ring of Luismatt {Ice Str+4 Int-3 Dex+5}
 54182 | Depths:4 | Noticed Josephina
 54185 | Depths:4 | Killed Josephina
 54238 | Depths:4 | Reached XP level 27. HP: 221/228 MP: 0/0
 54238 | Depths:4 | Learned a level 9 spell: Fire Storm
 54245 | Depths:4 | Noticed Vv
 54253 | Depths:4 | Killed Vv
 54301 | Depths:4 | Found a faded altar of an unknown god.
 54301 | Depths:4 | Found a faded altar of an unknown god.
 54303 | Depths:4 | Found a hazy altar of Hepliaklqana.
 54718 | Depths:4 | Found a gate to the Realm of Zot.
 54786 | Zot:1    | Entered Level 1 of the Realm of Zot
 55574 | Zot:1    | Found a runed translucent gate.
 55574 | Zot:1    | Found a runed translucent gate.
 55574 | Zot:1    | Found a runed translucent gate.
 55575 | Zot:1    | Noticed Miridwoatt's ghost (master GnFi)
 55886 | Zot:1    | Killed Miridwoatt's ghost
 57472 | Zot:5    | Entered Level 5 of the Realm of Zot
 57652 | Zot:5    | Noticed a dread lich
 57655 | Zot:5    | Killed a dread lich
 57658 | Zot:5    | Noticed an orb of fire
 57660 | Zot:5    | Noticed an orb of fire
 57661 | Zot:5    | Gained mutation: You sometimes lose your temper in combat.
                  | [an orb of fire]
 57663 | Zot:5    | Gained mutation: Your health recovers twice as slowly from
                  | being drained. [an orb of fire]
 57665 | Zot:5    | Gained mutation: You are clumsy. (Dex -2) [an orb of fire]
 57665 | Zot:5    | Noticed a Killer Klown
 57666 | Zot:5    | Killed an orb of fire
 57666 | Zot:5    | Noticed a Killer Klown
 57669 | Zot:5    | Killed a Killer Klown
 57670 | Zot:5    | Reached skill level 27 in Conjurations
 57670 | Zot:5    | Reached skill level 27 in Hexes
 57670 | Zot:5    | Reached skill level 27 in Summonings
 57670 | Zot:5    | Reached skill level 27 in Necromancy
 57670 | Zot:5    | Reached skill level 27 in Translocations
 57670 | Zot:5    | Reached skill level 27 in Fire Magic
 57670 | Zot:5    | Reached skill level 27 in Ice Magic
 57670 | Zot:5    | Reached skill level 27 in Air Magic
 57670 | Zot:5    | Reached skill level 27 in Earth Magic
 57670 | Zot:5    | Reached skill level 27 in Alchemy
 57670 | Zot:5    | Killed a Killer Klown
 57670 | Zot:5    | Noticed an orb of fire
 57670 | Zot:5    | Gained mutation: You are dopey. (Int -2) [an orb of fire]
 57672 | Zot:5    | Gained mutation: You are weak. (Str -2) [an orb of fire]
 57676 | Zot:5    | Noticed a dread lich
 57677 | Zot:5    | Killed a dread lich
 57678 | Zot:5    | Killed an orb of fire
 57680 | Zot:5    | Gained mutation: You are occasionally teleported next to
                  | monsters. [an orb of fire]
 57680 | Zot:5    | Noticed an orb of fire
 57682 | Zot:5    | Gained mutation: Potions are less effective at restoring
                  | your health. [an orb of fire]
 57683 | Zot:5    | Noticed an ancient lich
 57684 | Zot:5    | Gained mutation: You occasionally lose the ability to drink
                  | potions when taking damage. [an orb of fire]
 57684 | Zot:5    | Noticed a Killer Klown
 57685 | Zot:5    | Killed an ancient lich
 57686 | Zot:5    | Killed an orb of fire
 57686 | Zot:5    | Killed a Killer Klown
 57687 | Zot:5    | Gained mutation: You are very clumsy. (Dex -4) [an orb of
                  | fire]
 57689 | Zot:5    | Killed an orb of fire
 57778 | Zot:5    | Got the Orb of Zot
 57792 | Zot:5    | Noticed Vidaugi the pandemonium lord
 58413 | D:$      | Escaped with the Orb!

Illustrated notes

Levels and vault maps discovered:
D:1:      sevenhm_arrival_forest_fort_small_2, layout_basic,
          corexii_corridor_pit
D:2:      layout_basic, basic_altar, serial_curves, eino_curves_01,
          eino_curves_04, uniq_natasha, uniq_terence
D:3:      layout_loops_ring, hellmonk_ecumenical_altar_arch_garden,
          gammafunk_ghost_mausoleum, minmay_snake_closets, uniq_pargi,
          uniq_grinder, uniq_sigmund
D:4:      layout_basic, serial_shops, shop, nicolae_shop_tiny_glass,
          nicolae_take_the_stairs, shop, nicolae_shop_pleasant_corner_grove,
          st_stairs_9, minmay_ruptured, uniq_robin
D:5:      layout_loops_corners, mainiacjoe_overflow_small_starburst,
          lemuel_tele_altar, lemuel_doored_altar
D:6:      layout_loops_cross, serial_shops, shop
D:7:      layout_basic, nicolae_overflow_crystal_walls, marbit_many_paths,
          bloody_makhleb, minmay_temple_entry_gardened_gates
D:8:      layout_basic, tgw_sif, xom_shifter_show, serial_shops, shop,
          uniq_pikel
D:9:      layout_layer_cave, lemuel_crystal_altar, kennysheep_mini_moat,
          erik_orc_3
D:10:     minmay_thinvault, layout_stronghold, eat_drink_and_be_merry_uskayaw,
          erik_lair_orcish_takeover, nicolae_beast_mode
D:11:     layout_long_grid, gauntlet_entry_generic, nicolae_wwwww
D:12:     evilmike_diamond_1, layout_basic, uniq_sonja, uniq_jorgrun,
          uniq_nergalle, uniq_frances
D:13:     layout_small_grid
D:14:     layout_basic, skrybe_vaults_entry_preservation, serial_shops, shop,
          serial_bayou_pond_c
D:15:     grunt_enter_depths_giant_problem, layout_basic,
          chequers_serial_rivers_small_b, serial_shops, nicolae_diamond_shop,
          serial_undead, serial_undead_c, serial_undead_e, serial_undead_e,
          serial_undead_a, serial_undead_d, serial_undead_e, uniq_azrael
Temple:   chequers_temple_sunken
Lair:1:   layout_big_grid
Lair:2:   layout_regular_city, minmay_shoals_entry_centaurs, st_stairs_3,
          grunt_megastairs_2, serial_bayou_shore_b, infiniplex_staircase_pool_2
Lair:3:   layout_gridlike, minmay_snake_entry_spellcaster
Lair:4:   layout_cave_pods, serial_bayou_shore_b
Lair:5:   evil_forest, layout_gridlike, slime_entry_1, basic_altar,
          kilobyte_rumbling_trees
Shoals:1: layout_shoals, gammafunk_ghost_berserking_beasts
Shoals:2: layout_shoals, nicolae_shoals_former_cling_halls, uniq_aizul,
          uniq_louise
Shoals:3: layout_shoals, lemuel_oklob_altar
Shoals:4: shoals_end_hellmonk_lost_city, serial_shops
Snake:1:  nicolae_snake_crotalidae_crossing, layout_misc_corridors
Snake:2:  layout_onion, gammafunk_ghost_arena, nicolae_triple_integral
Snake:3:  layout_onion, evilmike_ambush [evilmike_ambush_outer_basic,
          evilmike_ambush_inner_basic]
Snake:4:  snake_pit_salamanders_mu, layout_cave_town, serial_shops, shop,
          grunt_megastairs_3
Orc:1:    layout_diamond_mine, gammafunk_ghost_stat_death,
          nicolae_orc_sculptors_studio, uniq_erica
Orc:2:    grunt_orc_gardens, layout_caves, grunt_orc_garden, grunt_orc_garden,
          grunt_orc_garden, grunt_orc_garden, basic_altar, serial_shops, shop,
          nicolae_shop_hallway_stairs, nicolae_shop_hallway_stairs, shop
Elf:1:    eino_elf_arrival_the_gate, layout_geoelf_diagonals,
          nicolae_elf_blasts_and_bolts
Elf:2:    elven_hall_of_blades_hangedman_original
          [nicolae_blade_entry_pointy_end], layout_geoelf_diagonals,
          serial_shops, nicolae_shop_pleasant_corner_grove, drop_trap,
          lemuel_upstairs_altar
Elf:3:    minmay_elf_hall, layout_geoelf_octagon, uniq_norris
Vaults:1: v_misc_18, hangedman_vaults_corner, nicolae_vaults_lightning_bolt,
          nicolae_vaults_storage_closets_2, vaults_dpeg_ring,
          nicolae_vaults_you_can_take_it_with_you, v_alt_pattern_3, v_pattern_4,
          nicolae_vaults_tetromino_T_1, v_alt_pattern_6, v_misc_12, v_misc_22,
          v_misc_22, layout_vaults_ring, serial_shops
Vaults:2: dpeg_vaults_monster_row, vaults_standard_mumra_lines,
          hangedman_vaults_stream, ontoclasm_vaults_ring_square,
          v_alt_pattern_2, nicolae_vaults_six-pack, vaults_room_hallway,
          nicolae_vaults_big_ls, nicolae_vaults_cochlea,
          layout_vaults_big_cross, uniq_zenata
Vaults:3: nicolae_vaults_heist, v_misc_14, v_alt_pattern_5,
          ontoclasm_vaults_chip, grunt_vaults_trifunnel,
          nicolae_vaults_stepped_doors, minmay_crypt_entry_simple_statues,
          nicolae_vaults_doubleplus_tesselated,
          nicolae_vaults_trapezoid_lopsided_1, layout_vaults_omnigrid,
          uniq_frederick
Vaults:4: nicolae_vaults_trapezoid_lopsided_4, hangedman_vaults_pinch,
          nicolae_vaults_stairing_the_circle, ontoclasm_vaults_ring_square,
          lightli_church_of_beogh, vaults_room_door_hall,
          ontoclasm_vaults_ring_large, v_rooms_5,
          nicolae_vaults_closet_pinwheel_4, layout_vaults_big_room,
          uniq_saint_roka
Vaults:5: serial_shops
Depths:1: layout_cave_pools, mu_enter_wizlab_6, grunt_metal_band,
          minmay_misc_feat_secret_circle, kennysheep_boxes,
          kennysheep_random_hallway, serial_bayou_shore_b
Depths:2: minmay_nested_s, layout_small_grid, enter_ziggurat_c,
          pf_vacation_house_of_asmodeus, chequers_decorated_corner,
          grunt_pan_entry_sceptre
Depths:3: impenetrable_vault, layout_gridlike, hell_entry, serial_shops,
          bzr_entry_safe, abyss_entry_flame_altar, special_room
          [special_room_jelly], chequers_big_river, zin_academy,
          infiniplex_staircase_pool_1, serial_bayou_shore_b
Depths:4: evilmike_zot_entry_round, layout_cave_pools, grunt_hell_entry_dis_mu,
          nicolae_hepliaklqana_ecumenical_no_more, uniq_josephina, uniq_vv
Zot:1:    layout_cathedral_of_symmetry, gammafunk_ghost_necromancy,
          regret_index_zotdec_zees, uniq_parghit
Zot:2:    layout_cathedral_of_symmetry, hangedman_zot_decor_checkerboard
Zot:3:    layout_cellular_growth, lemuel_elevator
Zot:4:    minmay_elemental_castle, layout_cathedral_of_symmetry,
          regret_index_zotdec_onion_hex, hangedman_player_shredder
Zot:5:    layout_twisted_circle

Skill      XL: |  1  2  3  4  5  6  7  8  9 10 11 12 13 14 15 16 17 18 19 20 21 22 23 24 25 26 27 |
---------------+----------------------------------------------------------------------------------+-----
Spellcasting   | 4 6 7 9 10 13 14 15 17 21 24 27 | 27.0
Conjurations   | 4 6 7 9 10 13 14 15 17 19 21 23 25 27 | 27.0
Hexes          | 4 6 7 9 10 13 14 15 17 19 21 23 25 27 | 27.0
Summonings     | 4 6 7 9 10 13 14 15 17 19 21 23 25 27 | 27.0
Necromancy     | 4 6 7 9 10 13 14 15 17 19 21 23 25 27 | 27.0
Translocations | 4 6 7 9 10 13 14 15 17 19 21 23 25 27 | 27.0
Fire Magic     | 4 6 7 9 10 13 14 15 17 19 21 23 25 27 | 27.0
Ice Magic      | 4 6 7 9 10 13 14 15 17 19 21 23 25 27 | 27.0
Air Magic      | 4 6 7 9 10 13 14 15 17 19 21 23 25 27 | 27.0
Earth Magic    | 4 6 7 9 10 13 14 15 17 19 21 23 25 27 | 27.0
Alchemy        | 4 6 7 9 10 13 14 15 17 19 21 23 25 27 | 27.0
Fighting       | 1 6 8 10 13 16 19 22 24 26 27 | 27.0
Dodging        | 7 11 12 16 20 | 20.0
Invocations    | 3 |  3.0
Evocations     | 3 |  3.0
Axes           | 5 |  5.0
Stealth        | |  1.5

Action                     |  1- 3 |  4- 6 |  7- 9 | 10-12 | 13-15 | 16-18 | 19-21 | 22-24 | 25-27 || total
---------------------------+-------+-------+-------+-------+-------+-------+-------+-------+-------++-------
  Melee: Short sword       |       |     1 |       |     1 |       |       |       |       |       ||     2
         Battleaxe         |       |       |       |       |       |     2 |     4 |     3 |     1 ||    10
   Cast: Foxfire           |    32 |    44 |   114 |   254 |   164 |     2 |     3 |       |     1 ||   614
         Scorch            |    11 |    18 |   108 |   183 |   105 |       |     3 |       |       ||   428
         Inner Flame       |       |       |    15 |    36 |    88 |    11 |     3 |     1 |     1 ||   155
         Flame Wave        |       |       |     3 |    18 |     8 |     1 |       |     9 |       ||    39
         Volatile Blastmot |       |       |     7 |    22 |    28 |       |       |       |       ||    57
         Fugue of the Fall |       |       |     2 |       |       |       |       |       |       ||     2
         Sting             |       |       |       |     2 |       |       |       |       |       ||     2
         Dimensional Bulls |       |       |       |     1 |       |       |       |       |       ||     1
         Lee's Rapid Decon |       |       |       |       |   181 |    71 |    39 |    38 |    22 ||   351
         Bombard           |       |       |       |       |   109 |   487 |   725 |   600 |   584 ||  2505
         Eringya's Noxious |       |       |       |       |       |     2 |    12 |    10 |     1 ||    25
         Malign Gateway    |       |       |       |       |       |       |    16 |    11 |       ||    27
         Summon Horrible T |       |       |       |       |       |       |       |     2 |     1 ||     3
         Shatter           |       |       |       |       |       |       |       |       |   115 ||   115
         Fire Storm        |       |       |       |       |       |       |       |       |    10 ||    10
  Evoke: Wand              |       |       |       |     1 |       |       |       |     1 |     2 ||     4
    Use: Scroll            |       |       |     4 |    13 |    11 |     8 |    12 |    11 |    13 ||    72
         Potion            |       |       |       |     1 |     1 |       |     6 |    12 |     1 ||    21
 Armour: Robe              |     2 |     4 |    10 |       |       |       |       |       |       ||    16
         Troll leather arm |       |       |    20 |    93 |   213 |   124 |   182 |   179 |   120 ||   931
  Dodge: Dodged            |     3 |     2 |    23 |   112 |   217 |   190 |   515 |   377 |   266 ||  1705
         Repelled          |       |       |       |     5 |       |       |    27 |    11 |    18 ||    61
  Block: Buckler           |       |       |     2 |    24 |    42 |       |       |       |       ||    68
